 Dungeon Crawl Stone Soup version 0.27.0-1-g7a089689b8 (webtiles) character file.

Game seed: 10921897749225499887

502 horus123 the Distorting Human (level 7, 0/54 HPs)
             Began as a Human Abyssal Knight on Aug 15, 2021.
             Was a Believer of Lugonu.
             Slain by an ogre (13 damage)
             ... on level 4 of the Dungeon.
             The game lasted 00:12:23 (3759 turns).

horus123 the Distorting Human (HuAK)                Turns: 3759, Time: 00:12:24

Health: 0/54       AC: 13    Str: 14    XL:     7   Next: 40%
Magic:  10/10      EV:  6    Int: 12    God:    Lugonu [**....]
Gold:   187        SH:  0    Dex: 13    Spells: 6/6 levels left

rFire    . . .     SeeInvis +   a - +2 falchion (vorpal)
rCold    . . .     Faith    .   (no shield)
rNeg     . . .     Spirit   .   c - +0 chain mail
rPois    .         Reflect  .   h - +0 hat {SInv}
rElec    .         Harm     .   e - +0 cloak
rCorr    .         Rampage  .   (no gloves)
Will     .....                  m - +2 pair of boots {Stlth+}
Stlth    ..........             l - amulet of regeneration
HPRegen  1.18/turn              (no ring)
MPRegen  0.12/turn              (no ring)

@: no status effects
A: no striking features
a: Renounce Religion, Depart the Abyss, Bend Space


You were on level 4 of the Dungeon.
You worshipped Lugonu.
Lugonu was pleased with you.
You visited 1 branch of the dungeon, and saw 4 of its levels.
You visited the Abyss 1 time.

You collected 187 gold pieces.

Inventory:

Hand Weapons
 a - a +2 vorpal falchion (weapon)
Armour
 c - a +0 chain mail (worn)
 e - a +0 cloak (worn)
 h - a +0 hat of see invisible (worn)
 m - a +2 pair of boots of stealth (worn)
Jewellery
 l - an amulet of regeneration (around neck)
Scrolls
 d - a scroll of amnesia
 n - a scroll of teleportation
Potions
 b - a potion of degeneration {unknown}
 f - a potion of curing
 g - a potion of lignification
 i - 2 potions of flight {unknown}
 j - a potion of haste {unknown}
 k - a potion of berserk rage {unknown}


   Skills:
 + Level 4.1 Fighting
 + Level 4.3 Long Blades
 + Level 4.0 Armour
 + Level 1.4 Dodging
 * Level 4.6 Invocations


You had 6 spell levels left.
You didn't know any spells.
Your spell library contained the following spells:

 Spells                   Type           Power      Damage    Failure   Level
 Magic Dart               Conj           0%         1d3       100%        1
 Summon Small Mammal      Summ           0%         N/A       100%        1
 Call Imp                 Summ           0%         N/A       100%        2
 Call Canine Familiar     Summ           0%         N/A       100%        3
 Mephitic Cloud           Conj/Pois/Air  0%         N/A       100%        3
 Summon Guardian Golem    Hex/Summ       0%         N/A       100%        3


Dungeon Overview and Level Annotations

Branches:
Dungeon (4/15)             Temple (0/1) D:4

Altars:

Shops:
D:1 (*?[*

Annotations:
D:4 Grinder


Message History

The ogre hits you with a +0 giant spiked club!!
* * * LOW HITPOINT WARNING * * *
Grinder gestures at you.
You struggle to resist.
The ogre barely misses you.
You can move again.
Space bends sharply around you!
You blink.
Grinder hits you but does no damage.
You feel better.
Grinder grins, showing sharp teeth.
Grinder hits you but does no damage.
You hit Grinder.
Grinder is severely wounded.
Grinder hits you but does no damage.
You closely miss Grinder.
Grinder is severely wounded.
Grinder says, "DUCK!"
Grinder blinks!
Space bends sharply around you!
You blink.
Grinder blinks!
Your chain mail prevents you from hitting the ogre.
The ogre barely misses you.
You riposte.
You barely miss the ogre. You hit the ogre.
The ogre is moderately wounded.
The ogre hits you with a +0 giant spiked club!
You hit the ogre.
The ogre is moderately wounded.
The ogre barely misses you.
You hit the ogre but do no damage.
The ogre is moderately wounded.
The ogre hits you with a +0 giant spiked club!
* * * LOW HITPOINT WARNING * * *
You hit the ogre.
The ogre is heavily wounded.
You slash the ogre!
The ogre is almost dead.
The ogre barely misses you.
You barely miss the ogre.
The ogre is almost dead.
The ogre hits you with a +0 giant spiked club!
You die...

#.....§§#..#####...# .§...§§.#
#...# #.#.###.# #...#
#.#÷###.### #...# ...##########
#§..).....# #...# #...O..†....#
###..####>###.[.# #..###.#.##.#
#..####.#......
#..###.#.##.#####.............#
#.........5..O@..............##
##.###.#.##.######.....÷.......
#.###§#.##.# ##.........###.
#.....O..O.# #..<.......# #.
############ #.#.##.#.#.###.
#.#......#..... #.#......###.##
#.####<#.###†## #........#.....


You could see Grinder and an ogre.

Vanquished Creatures
  An ogre (D:4)
  A phantom (D:3)
  A kobold brigand (D:4)
  A scorpion (D:4)
  An orc wizard (D:3)
  3 adders
  8 gnolls
  2 worms
  A dart slug (D:4)
  14 orcs
  6 ball pythons
  3 bats
  5 endoplasms
  5 giant cockroaches
  6 goblins
  A hobgoblin (D:2)
  3 jackals (D:3)
  3 kobolds
  2 quokkas
  4 frilled lizards
  6 rats
77 creatures vanquished.

Notes
Turn   | Place    | Note
-------+----------+-------------------------------------------
     0 | Abyss:1  | horus123 the Human Abyssal Knight began the quest for the
                  | Orb.
     0 | Abyss:1  | Reached XP level 1. HP: 18/18 MP: 2/2
   134 | Abyss:1  | Noticed a worldbinder
   135 | D:1      | Escaped the Abyss
   225 | D:1      | Found Isihayph's Assorted Antiques.
   298 | D:1      | Found Orets's Antique Weapon Shop.
   324 | D:1      | Reached XP level 2. HP: 12/24 MP: 3/3
   501 | D:1      | Found Quotuifi's Magic Scroll Boutique.
   511 | D:1      | Found Obyeh's Antique Armour Shop.
   568 | D:1      | Found Biotuzoa's Assorted Antiques.
   785 | D:1      | Reached * piety under Lugonu
   953 | D:2      | Reached XP level 3. HP: 21/29 MP: 4/4
  1267 | D:2      | You fall into a shaft and drop 1 floor!
  1391 | D:3      | Reached XP level 4. HP: 20/36 MP: 4/6
  2301 | D:2      | Reached XP level 5. HP: 38/42 MP: 7/7
  3057 | D:3      | Reached ** piety under Lugonu
  3122 | D:3      | Reached XP level 6. HP: 46/48 MP: 6/8
  3413 | D:4      | Noticed an ogre
  3427 | D:4      | Killed an ogre
  3428 | D:4      | Reached XP level 7. HP: 48/54 MP: 9/9
  3534 | D:4      | Found a staircase to the Ecumenical Temple.
  3712 | D:4      | Noticed Grinder
  3720 | D:4      | Paralysed by Grinder for 6 turns
  3734 | D:4      | Paralysed by Grinder for 6 turns
  3759 | D:4      | Slain by an ogre

Illustrated notes

Levels and vault maps discovered:
D:1:      lightli_arrival_boilingwater, layout_basic, serial_shops,
          nicolae_shop_stone, nicolae_diamond_shop, shop, shop,
          nicolae_shop_trees, minmay_misc_feat_room, serial_park_tiny_1
D:2:      layout_basic, grunt_decor_clamped, dk_vineyard_1, solitary_fountain,
          minmay_ruptured
D:3:      layout_loops_ring, serial_forest, infiniplex_forest_clump_small,
          infiniplex_forest_clump_long, infiniplex_forest_lined_room_2,
          infiniplex_forest_lined_2, infiniplex_forest_lined_corner,
          infiniplex_forest_lined_3_way, infiniplex_forest_straight_4,
          amcnicky_mini_pool_small
D:4:      layout_loops_cross, minitemple, minmay_temple_entry_antechambers,
          uniq_grinder

Skill      XL: |  1  2  3  4  5  6  7 |
---------------+----------------------+-----
Long Blades    | 3 4 |  4.3
Invocations    | 3 4 |  4.6
Armour         | 3 4 |  4.0
Fighting       | 4 |  4.1
Dodging        | |  1.4

Action                   |  1- 3 |  4- 6 |  7- 9 || total
-------------------------+-------+-------+-------++-------
Melee: Falchion          |    85 |   183 |    52 ||   320
Invok: Depart the Abyss  |     1 |       |       ||     1
       Bend Space        |       |     3 |     4 ||     7
  Use: Scroll            |     3 |     5 |     1 ||     9
       Potion            |       |       |     1 ||     1
Armor: Chain mail        |    68 |   126 |    27 ||   221
       Ring mail         |     2 |       |       ||     2
Dodge: Dodged            |    37 |    56 |    12 ||   105
       Rpst.: Falchion   |    12 |    17 |     2 ||    31
